 Dungeon Crawl Stone Soup version bcrawl-1.34.3 (webtiles) character file.

Game seed: 4451518817564690019

544354 KristoblXynda the Nimble (level 16, -4/122 HPs)
             Began as a Demonspawn Gladiator on Oct 8, 2021.
             Was the Champion of Okawaru.
             Slain by a black mamba (7 damage)
             ... on level 3 of the Snake Pit.
             The game lasted 00:45:47 (24356 turns).

KristoblXynda the Nimble (Demonspawn Gladiator)    Turns: 24356, Time: 00:45:48

Health: -4/122     AC: 19    Str: 23    XL:     16   Next: 25%
Magic:  22/22      EV: 19    Int: 17    God:    Okawaru [******]
Gold:   2224       SH: 12    Dex: 18    Spells: 11/15 levels left

rFire    + . .     SeeInvis +   S - +10 double sword of Ferocious Exoneration {drain, rC+ Dex+2}
rCold    + + .     Gourm    .   J - +1 buckler {reflect}
rNeg     . . .     Faith    .   t - +3 scale mail {MR+}
rPois    +         Spirit   .   a - +2 hat {Int+3}
rElec    .         Reflect  +   C - +2 cloak {+Inv}
rCorr    .         Harm     .   (gloves unavailable)
MR       +++..     Rnd*Tele +   Q - +0 pair of boots of the Spheres {rF+ rC+ Dex-4}
Stlth    ++........             K - amulet of rage
HPRegen  0.30/turn              E - ring "Vuet" {+Blink rPois MR+ Dex+2 Stlth++}
MPRegen  0.18/turn              M - ring of Resh {*Tele Dex+4 Slay+3 SInv}

@: mighty, lethally poisoned (-4 -> -4)
A: claws 3, horns 2, talons 2, powered by pain 3, spiny 2
a: Heroism, Finesse, Renounce Religion, Evoke Blink, Evoke Berserk Rage, Evoke
Invisibility


You were on level 3 of the Snake Pit.
You worshipped Okawaru.
Okawaru was exalted by your worship.
You were not hungry.

You visited 5 branches of the dungeon, and saw 23 of its levels.
You also visited: Ossuary, Bailey and Gauntlet.

You collected 3346 gold pieces.
You spent 1122 gold pieces at shops.

Inventory:

Hand Weapons
 S - the +10 double sword of Ferocious Exoneration (weapon) {drain, rC+ Dex+2}
   (You found it on level 6 of the Lair of Beasts)

   A truly terrible weapon, it drains the life of those it strikes.
   It affects your dexterity (+2).
   It protects you from cold.
Missiles
 d - 2 throwing nets (quivered) {=f}
Armour
 a - a +2 hat of intelligence (worn)
 t - a +3 scale mail of magic resistance (worn)
 C - a +2 cloak of invisibility (worn)
 F - the +2 pair of gloves "Xuceg" {Regen+}
   (Okawaru gifted it to you on level 1 of the Snake Pit)

   It increases your rate of regeneration.
 J - a +1 buckler of reflection (worn)
 Q - the +0 pair of boots of the Spheres (worn) {rF+ rC+ Dex-4}
   (Okawaru gifted it to you on level 6 of the Lair of Beasts)

   It affects your dexterity (-4).
   It protects you from fire.
   It protects you from cold.
Jewellery
 E - the ring "Vuet" (left claw) {+Blink rPois MR+ Dex+2 Stlth++}
   (You bought it in a shop in the Orcish Mines)

   [ring of stealth]

   It affects your dexterity (+2).
   It protects you from poison.
   It affects your resistance to hostile enchantments.
   It lets you blink.
   It makes you much more stealthy.
 K - an amulet of rage (around neck)
 M - the ring of Resh (right claw) {*Tele Dex+4 Slay+3 SInv}
   (You found it in a Gauntlet)

   [ring of teleportation]

   It may teleport you next to monsters.
   It affects your dexterity (+4).
   It affects your accuracy and damage with ranged weapons and melee attacks
   (+3).
   It lets you see invisible.
Wands
 s - a wand of scattershot (3)
 u - a wand of paralysis (25)
 y - a wand of iceblast (9)
 I - a wand of digging (16)
Scrolls
 i - 2 scrolls of identify
 k - 2 scrolls of amnesia
 m - 7 scrolls of teleportation
 n - 7 scrolls of remove curse
 o - 2 scrolls of blinking
 p - a scroll of fog
 L - a scroll of fear
 P - 3 scrolls of magic mapping
Potions
 b - 2 potions of ambrosia
 c - 9 potions of mutation
 f - 5 potions of might
 g - 2 potions of invisibility
 h - 4 potions of cancellation
 l - 5 potions of haste
 r - 12 potions of curing
 w - 5 potions of agility
 x - 9 potions of flight
 z - 4 potions of brilliance
 N - 3 potions of magic
Miscellaneous
 j - a lamp of fire
 v - a lightning rod (4/4)
 B - a phantom mirror
 O - a box of beasts
Comestibles
 e - 26 rations {!d}


   Skills:
 - Level 10.0 Fighting
 + Level 13.7 Long Blades
 - Level 2.1 Throwing
 + Level 13.4 Armour
 + Level 13.7 Dodging
 - Level 4.0 Shields
 + Level 4.5 Transmutations
 - Level 5.3 Invocations
 - Level 9.0 Evocations


You had 11 spell levels left.
You knew the following spells:

 Your Spells              Type           Power        Failure   Level  Hunger
a - Petrify               Tmut/Erth      #.........   98%         4    ######.

Your spell library contained the following spells:

 Spells                   Type           Power        Failure   Level  Hunger
 Confuse                  Hex            #.......     95%         3    #####..
 Dazzling Orbs            Conj/Hex       #......      95%         3    #####..
 Yara's Violent Unravell  Hex/Tmut       #.........   98%         4    ######.
 Cause Fear               Hex            #.........   100%        4    ######.
 Bolt of Magma            Conj/Fire/Erth #.........   100%        5    #######
 Fireball                 Conj/Fire      #.........   100%        5    #######
 Metabolic Englaciation   Hex/Ice        #.........   100%        5    #######
 Bolt of Fire             Conj/Fire      #.........   100%        6    #######
 Iron Shot                Conj/Erth      #.........   100%        6    #######
 Statue Form              Tmut/Erth      #........    100%        6    #######
 Steam Barrier            Chrm/Fire      #.........   100%        6    #######
 Dragon Form              Tmut           ###....      100%        7    #######
 Mana Rupture             Conj/Hex       #.........   100%        7    #######
 Ignition                 Fire           #.........   100%        8    #######
 Dragon's Call            Summ           #.........   100%        9    #######
 Fire Storm               Conj/Fire      #.........   100%        9    #######
 Shatter                  Erth           #.........   100%        9    #######


Dungeon Overview and Level Annotations

Branches:
Dungeon (12/12)            Temple (1/1) D:4            Lair (6/6) D:9
 Shoals (0/3) Lair:3        Snake (3/3) Lair:3        Slime (0/5) Lair:5
    Orc (1/1) D:9             Elf (0/3) Orc          Vaults (0/3) D:12
 Depths (0/5) D:12

Altars:
Ashenzari
Cheibriados
Dithmenos
Elyvilon
Gozag
Hepliaklqana
Lugonu
Makhleb
Nemelex Xobeh
Okawaru
Qazlal
Ru
Sif Muna
Trog
Uskayaw
Vehumet
Wu Jian
Xom
Yredelemnul
Zin
The Shining One
Beogh
Jiyva

Shops:
D:8 *   D:12 *   Orc %=%(

Annotations:
D:4 2 transporters, exe1's ghost, amateur EnBe


Innate Abilities, Weirdness & Mutations

You have claws for hands.
You have a pair of horns on your head.
You have razor-sharp toenails.
You are powered by pain.
You are mostly covered in sharp spines.


Message History

* * * LOW HITPOINT WARNING * * *
You are engulfed in flames.
You resist.
* * * LOW HITPOINT WARNING * * *
The naga sharpshooter spits poison at you.
You are poisoned.
You resist.
The splash of poison hits you but does no damage.
The black mamba is struck by your spines.
The black mamba closely misses you.
You see here a +0 mace.
You feel sick.
No path to travel!
You block the black mamba's attack.
You feel sick. You block the black mamba's attack.
The naga sharpshooter casts a spell.
The naga sharpshooter magically shoots an arrow.
The arrow hits you!
* * * LOW HITPOINT WARNING * * *
The black mamba bites you!
You die...

#......# #.... ..
##...... .. ##..#
.... #......# ...
#... ....###......#
#...
......#......##....
.....................
.....................
.............# ......
.........NS@## ......
##...N)###.# #....
#.....###.# ...#
#....N##..##...#
#.....##..#...#
#.....##......#
#.....##.....<#
#.....##..###.#
#.....###..##.# #


You could see a naga sharpshooter, a salamander and a black mamba.

Vanquished Creatures
  Roxanne (Snake:2)
  4 nagarajas
  A minotaur (Gauntlet)
  Azrael (Snake:1)
  Urug (Lair:1)
  A yaktaur captain (D:12)
  2 rakshasas
  8 hydras
  8 naga warriors
  A two-headed ogre (D:12)
  4 centaur warriors
  2 alligators (Lair:6)
  11 death yaks
  4 anacondas
  4 naga sharpshooters
  4 orc high priests (Orc)
  A tengu warrior (D:6)
  Nergalle (Lair:4)
  3 shock serpents
  4 skeletal warriors (D:12)
  3 salamander mystics
  2 unseen horrors
  4 orc knights
  2 naga ritualists
  A lindwurm (Lair:4)
  An orc sorcerer (Orc)
  A mana viper (Snake:2)
  8 salamanders
  A centaur zombie (D:11)
  19 black mambas
  2 gargoyles
  4 guardian serpents
  4 elephants (Lair:6)
  11 cane toads
  13 naga magi
  A water nymph (Lair:3)
  7 rime drakes
  3 efreet
  A yaktaur (D:12)
  3 komodo dragons
  7 polar bears
  2 large abominations (Gauntlet)
  5 hornets (Lair:6)
  A harpy zombie (D:12)
  5 trolls
  2 raiju (Gauntlet)
  9 blink frogs
  8 hippogriffs
  4 small abominations (Gauntlet)
  21 dream sheep (Lair:6)
  2 water elementals (Lair:3)
  14 spriggans (Lair:6)
  A wyvern (D:9)
  A wraith (Ossuary)
  32 yaks
  6 basilisks
  5 fire elementals (Snake:1)
  2 steam dragons (Lair:2)
  2 hungry ghosts
  2 vampire mosquitoes (D:11)
  2 wargs (Orc)
  An acid dragon (D:12)
  22 nagas
  7 water moccasins
  17 crocodiles
  A hell hound (Snake:1)
  2 sky beasts (D:4)
  29 orc warriors
  12 porcupines
  2 black bears (Lair:6)
  5 ogres
  5 ice beasts
  29 wolves
  A phantom (D:7)
  4 boggarts (Lair:6)
  2 centaurs
  9 bullfrogs
  A wyvern zombie (D:9)
  6 scorpions
  8 killer bees (D:10)
  12 wights
  24 orc priests
  6 howler monkeys
  4 quasits
  8 crimson imps
  4 hounds
  A bullfrog skeleton (D:9)
  A bullfrog zombie (D:5)
  4 jellies
  Crazy Yiuf (D:4)
  2 iguanas
  30 orc wizards
  6 centaur skeletons
  8 worker ants
  2 lightning spires (Gauntlet)
  A hound skeleton (D:4)
  A mummy (Ossuary)
  A howler monkey zombie (D:6)
  A worker ant zombie (D:5)
  3 gnolls
  7 adders
  5 shadow imps
  7 oozes
  An adder skeleton (D:4)
  7 adder zombies
  2 worms
  3 dart slugs (D:1)
  A leopard gecko (D:2)
  79 orcs
  3 giant cockroaches
  8 goblins
  13 hobgoblins
  6 jackals
  22 kobolds
  6 quokkas
  5 bats
  3 frilled lizards
  7 gnoll skeletons (Ossuary)
  8 kobold skeletons (Ossuary)
  10 orc skeletons (Ossuary)
  A quokka skeleton (D:4)
  5 rats
  2 fungi (D:4)
  A plant (Lair:2)
785 creatures vanquished.

Vanquished Creatures (others)
  A naga mage (Snake:3)
  A black mamba (Snake:2)
  2 orc warriors (Orc)
  3 orc wizards (Orc)
  3 bushes
  7 fungi
  68 plants
  6 toadstools (D:6)
91 creatures vanquished.

Grand Total: 876 creatures vanquished

Notes
Turn   | Place    | Note
-------+----------+-------------------------------------------
     0 | D:1      | KristoblXynda the Demonspawn Gladiator began the quest for
                  | the Orb.
     0 | D:1      | Reached XP level 1. HP: 18/18 MP: 1/1
   218 | D:1      | Gained mutation: You sometimes gain a little power by
                  | taking damage. [demonic ancestry]
   218 | D:1      | Reached XP level 2. HP: 24/24 MP: 2/2
   527 | D:1      | Reached XP level 3. HP: 23/29 MP: 3/3
  1016 | D:2      | Found a glowing golden altar of the Shining One.
  1047 | D:2      | Found a burning altar of Makhleb.
  1051 | D:2      | Reached skill level 1 in Armour
  1051 | D:2      | Gained mutation: You sometimes gain power by taking damage.
                  | [demonic ancestry]
  1051 | D:2      | Reached XP level 4. HP: 22/35 MP: 2/4
  1843 | D:3      | Noticed an ogre
  1865 | D:3      | Killed an ogre
  1866 | D:3      | Gained mutation: You are partially covered in sharp spines.
                  | [demonic ancestry]
  1866 | D:3      | Reached XP level 5. HP: 13/42 MP: 2/5
  2094 | D:3      | Found a shattered altar of Ashenzari.
  2095 | D:3      | Found a shimmering altar of Xom.
  2450 | D:4      | Found a staircase to the Ecumenical Temple.
  2463 | D:4      | Noticed a sky beast
  2466 | D:4      | Noticed a sky beast
  2473 | D:4      | Gained mutation: You have a pair of small horns on your
                  | head. [demonic ancestry]
  2473 | D:4      | Reached XP level 6. HP: 27/48 MP: 3/6
  2487 | D:4      | Killed a sky beast
  2493 | D:4      | Killed a sky beast
  2507 | Temple   | Entered the Ecumenical Temple
  2792 | Temple   | Became a worshipper of Warmaster Okawaru
  2832 | D:4      | Found the +7 lajatang of Order {silver, rMut}
  2899 | D:4      | Found an opulent altar of Gozag.
  2921 | D:4      | Gained mutation: You have sharp toenails. [demonic
                  | ancestry]
  2921 | D:4      | Reached XP level 7. HP: 51/55 MP: 7/7
  2941 | D:4      | Found a transporter.
  2951 | D:4      | Noticed a hungry ghost
  2963 | D:4      | Found a transporter.
  2966 | D:4      | Noticed exe1's ghost (amateur EnBe)
  3050 | D:4      | Found a white marble altar of Elyvilon.
  3263 | D:4      | Found a basalt altar of Yredelemnul.
  3345 | D:4      | Found a runed door.
  3349 | D:4      | Noticed Crazy Yiuf
  3357 | D:4      | Killed Crazy Yiuf
  3427 | D:5      | Entered Level 5 of the Dungeon
  3512 | D:5      | Reached skill level 5 in Fighting
  3858 | D:5      | Reached skill level 1 in Evocations
  4292 | D:5      | Found a corrupted altar of Lugonu.
  4865 | D:6      | Found a sand-covered staircase.
  4872 | Ossuary  | Entered an ossuary
  4872 | Ossuary  | Noticed a wraith
  4872 | Ossuary  | Noticed a wraith
  4872 | Ossuary  | Noticed a wraith
  4954 | Ossuary  | Noticed a wraith
  4988 | Ossuary  | Killed a wraith
  4988 | Ossuary  | Reached * piety under Okawaru
  4989 | Ossuary  | Reached skill level 5 in Long Blades
  4989 | Ossuary  | Reached skill level 5 in Dodging
  4989 | Ossuary  | Gained mutation: You have razor-sharp toenails. [demonic
                  | ancestry]
  4989 | Ossuary  | Reached XP level 8. HP: 16/62 MP: 9/9
  5592 | D:6      | Found an ornate altar of the Wu Jian Council.
  5744 | D:6      | Noticed a hippogriff
  5751 | D:6      | Killed a hippogriff
  5751 | D:6      | Reached ** piety under Okawaru
  5810 | D:6      | Noticed a tengu warrior
  5824 | D:6      | Killed a tengu warrior
  5825 | D:6      | Reached skill level 5 in Armour
  5825 | D:6      | Gained mutation: You have a pair of horns on your head.
                  | [demonic ancestry]
  5825 | D:6      | Reached XP level 9. HP: 29/68 MP: 10/12
  6344 | D:7      | Noticed a troll
  6353 | D:7      | Killed a troll
  6354 | D:7      | Reached skill level 5 in Evocations
  6354 | D:7      | Noticed a death knight
  6361 | D:7      | HP: 3/68 [death knight/+0 glaive (12)]
  6375 | D:7      | Found a flagged portal.
  6397 | Bailey   | Entered a bailey
  6538 | Bailey   | Noticed an orc knight
  6541 | Bailey   | Identified the +7 scimitar of Weak Subterfuge {flame, rPois
                  | Stlth+}
  6541 | Bailey   | Noticed an orc knight
  6543 | Bailey   | Noticed an orc knight
  6558 | Bailey   | Killed an orc knight
  6682 | Bailey   | Reached *** piety under Okawaru
  6979 | Bailey   | Killed an orc knight
  6980 | Bailey   | Gained mutation: You are powered by pain. [demonic
                  | ancestry]
  6980 | Bailey   | Reached XP level 10. HP: 45/74 MP: 14/14
  7118 | Bailey   | Killed an orc knight
  7118 | Bailey   | Reached **** piety under Okawaru
  7626 | D:7      | Found a snail-covered altar of Cheibriados.
  7711 | D:7      | Got a tiger eye-encrusted leather armour
  7730 | D:7      | Identified the +3 leather armour "Mamaguyl" {*Corrode +Fly
                  | rPois Regen+} (You found it on level 7 of the Dungeon)
  8307 | D:8      | Found Caidd's Assorted Antiques.
  8315 | D:8      | Bought a potion of heal wounds for 120 gold pieces
  8315 | D:8      | Bought a scroll of identify for 48 gold pieces
  8339 | D:8      | Found a bloodstained altar of Trog.
  8885 | D:8      | Killed an unseen horror
  9638 | D:9      | Reached ***** piety under Okawaru
  9674 | D:9      | Gained mutation: You have sharp fingernails. [demonic
                  | ancestry]
  9674 | D:9      | Reached XP level 11. HP: 70/79 MP: 16/16
  9696 | D:9      | Found a staircase to the Lair.
  9765 | D:9      | Received a gift from Okawaru
 10055 | D:9      | Found a roughly hewn altar of Beogh.
 10055 | D:9      | Found a staircase to the Orcish Mines.
 10576 | D:10     | Entered Level 10 of the Dungeon
 10956 | D:10     | Noticed a centaur warrior
 10961 | D:10     | Killed a centaur warrior
 11569 | D:11     | Found a gate leading to a gauntlet.
 11574 | Gauntlet | Entered a Gauntlet
 11574 | Gauntlet | Found a transporter.
 11574 | Gauntlet | Found a transporter.
 11593 | Gauntlet | Found a transporter.
 11593 | Gauntlet | Found a transporter.
 11609 | Gauntlet | Found a transporter.
 11630 | Gauntlet | Found a transporter.
 11630 | Gauntlet | Found a transporter.
 11650 | Gauntlet | Found a transporter.
 11655 | Gauntlet | Found a transporter.
 11662 | Gauntlet | Found the +8 demon blade "Leech" {vamp, rN+ AC-5}
 11665 | Gauntlet | Found a transporter.
 11758 | Gauntlet | Received a gift from Okawaru
 12225 | Gauntlet | Got a warped platinum ring
 12238 | Gauntlet | Identified the cursed ring of Resh {*Tele Dex+4 Slay+3
                  | SInv} (You found it in a Gauntlet)
 12355 | Gauntlet | Identified the +6 morningstar of the Old World {venom,
                  | rElec Dex+6}
 12355 | Gauntlet | Identified the +5 hand crossbow "Uvenor Pinu" {venom,
                  | Str+7}
 12355 | Gauntlet | Identified the cursed ring of Xoal {Dex+2 Stlth--}
 12355 | Gauntlet | Noticed a minotaur
 12363 | Gauntlet | Killed a minotaur
 12425 | Gauntlet | Got a pitted silver ring
 12438 | Gauntlet | Identified the ring "Abrij" {+Inv +Fly MP+9} (You found it
                  | in a Gauntlet)
 12499 | D:11     | Reached XP level 12. HP: 81/86 MP: 18/18
 12517 | D:11     | Noticed a centaur warrior
 12525 | D:11     | Killed a centaur warrior
 13311 | D:12     | Entered Level 12 of the Dungeon
 13364 | D:12     | Reached skill level 10 in Long Blades
 13364 | D:12     | Reached skill level 10 in Dodging
 13382 | D:12     | Found a gate to the Vaults.
 13383 | D:12     | Noticed a centaur warrior
 13392 | D:12     | Killed a centaur warrior
 13435 | D:12     | Found Luxouvah's Assorted Antiques.
 13435 | D:12     | Noticed a six-headed hydra
 13438 | D:12     | Bought a potion of heal wounds for 135 gold pieces
 13438 | D:12     | Bought a scroll of identify for 54 gold pieces
 13439 | D:12     | Bought a wand of paralysis (13) for 135 gold pieces
 13444 | D:12     | Killed a one-headed hydra
 13556 | D:12     | Reached ****** piety under Okawaru
 13589 | D:12     | Noticed a two-headed ogre
 13595 | D:12     | Killed a two-headed ogre
 13595 | D:12     | Received a gift from Okawaru
 13788 | D:12     | Reached skill level 10 in Armour
 14041 | D:12     | Noticed a centaur warrior
 14052 | D:12     | Killed a centaur warrior
 14130 | D:12     | Found a staircase to the Depths.
 14131 | D:12     | Noticed a yaktaur captain
 14139 | D:12     | Killed a yaktaur captain
 14140 | D:12     | Gained mutation: You have very sharp fingernails. [demonic
                  | ancestry]
 14140 | D:12     | Reached XP level 13. HP: 96/96 MP: 19/19
 14396 | Lair:1   | Entered Level 1 of the Lair of Beasts
 14543 | Lair:1   | Noticed Urug
 14566 | Lair:1   | Killed Urug
 16154 | Lair:3   | Found a staircase to the Snake Pit.
 16212 | Lair:3   | Learned a level 4 spell: Petrify
 16948 | Lair:4   | Received a gift from Okawaru
 17389 | Lair:4   | Noticed Nergalle
 17403 | Lair:4   | Killed Nergalle
 17721 | Lair:5   | Found a viscous altar of Jiyva.
 17722 | Lair:5   | Found a staircase to the Slime Pits.
 17725 | Lair:5   | Found a viscous altar of Jiyva.
 18046 | Lair:5   | Reached XP level 14. HP: 33/108 MP: 20/20
 18049 | Lair:5   | HP: 5/108 [rime drake/flash freeze (20)]
 19153 | Lair:6   | Entered Level 6 of the Lair of Beasts
 19183 | Lair:6   | Received a gift from Okawaru
 19196 | Lair:6   | Got a pair of heavily runed boots {god gift}
 19254 | Lair:6   | Identified the +0 pair of boots of the Spheres {rF+ rC+
                  | Dex-4} (Okawaru gifted it to you on level 6 of the Lair of
                  | Beasts)
 19372 | Lair:6   | Reached skill level 10 in Fighting
 19565 | Lair:6   | Reached skill level 1 in Invocations
 20033 | Lair:6   | Received a gift from Okawaru
 20065 | Lair:6   | Got a pair of twisted boots {god gift}
 20100 | Lair:6   | Identified the +2 pair of boots of the Shining Light {+Fly}
                  | (Okawaru gifted it to you on level 6 of the Lair of Beasts)
 20225 | Lair:6   | Got a crude double sword
 20315 | Lair:6   | Reached skill level 1 in Shields
 20315 | Lair:6   | Reached skill level 5 in Invocations
 20964 | Lair:1   | Identified the +10 double sword of Ferocious Exoneration
                  | {drain, rC+ Dex+2} (You found it on level 6 of the Lair of
                  | Beasts)
 21117 | Orc      | Entered the Orcish Mines
 21135 | Orc      | Gained mutation: You are mostly covered in sharp spines.
                  | [demonic ancestry]
 21135 | Orc      | Reached XP level 15. HP: 51/115 MP: 21/21
 21256 | Orc      | Found a staircase to the Elven Halls.
 21325 | Orc      | Found a roughly hewn altar of Beogh.
 21653 | Orc      | Found Naaloan's Weapon Shoppe.
 21661 | Orc      | Found Cuomiput's Food Emporium.
 21661 | Orc      | Found Wubromyi's Jewellery Emporium.
 21697 | Orc      | Found Iwaczi's Food Shoppe.
 21726 | Orc      | Bought the ring "Vuet" {+Blink rPois MR+ Dex+2 Stlth++} for
                  | 630 gold pieces
 22247 | Snake:1  | Entered Level 1 of the Snake Pit
 22247 | Snake:1  | Noticed Azrael
 22262 | Snake:1  | Killed Azrael
 22447 | Snake:1  | Received a gift from Okawaru
 22451 | Snake:1  | Got a pair of smouldering gloves {god gift}
 22511 | Snake:1  | Identified the +2 pair of gloves "Xuceg" {Regen+} (Okawaru
                  | gifted it to you on level 1 of the Snake Pit)
 22754 | Snake:1  | Noticed a nagaraja
 22763 | Snake:1  | Killed a nagaraja
 22770 | Snake:1  | Reached skill level 1 in Transmutations
 23071 | Snake:2  | Noticed a nagaraja
 23081 | Snake:2  | Killed a nagaraja
 23325 | Snake:2  | Noticed Roxanne
 23341 | Snake:2  | Killed Roxanne
 23399 | Snake:2  | Received a gift from Okawaru
 23428 | Snake:2  | Got a translucent fustibalus {god gift}
 23529 | Snake:2  | Got a vibrating tin amulet
 23530 | Snake:2  | Identified the cursed amulet "Mucown" {Inacc rElec rF- MR-
                  | Dex+6} (You found it on level 2 of the Snake Pit)
 23798 | Snake:3  | Entered Level 3 of the Snake Pit
 23807 | Snake:3  | Noticed a nagaraja
 23813 | Snake:3  | Noticed a nagaraja
 23819 | Snake:3  | Gained mutation: You have claws for hands. [demonic
                  | ancestry]
 23819 | Snake:3  | Reached XP level 16. HP: 114/122 MP: 22/22
 23839 | Snake:3  | Received a gift from Okawaru
 23964 | Snake:2  | HP: 6/122 [poisoned by a naga (splash of poison)]
 24356 | Snake:3  | HP: 3/122 [naga sharpshooter/arrow (9)]
 24356 | Snake:3  | Slain by a black mamba

Skill      XL: |  1  2  3  4  5  6  7  8  9 10 11 12 13 14 15 16 |
---------------+-------------------------------------------------+-----
Throwing       | 2 |  2.1
Long Blades    | 3 4 5 6 7 8 9 10 11 12 13 | 13.7
Dodging        | 3 4 5 6 7 8 9 10 11 12 13 | 13.7
Armour         | 1 2 3 5 6 7 9 10 11 12 13 | 13.4
Fighting       | 4 5 7 9 10 | 10.0
Evocations     | 2 4 5 7 9 |  9.0
Invocations    | 5 |  5.3
Shields        | 1 4 |  4.0
Transmutations | 3 4 |  4.5

Action                   |  1- 3 |  4- 6 |  7- 9 | 10-12 | 13-15 | 16-18 || total
-------------------------+-------+-------+-------+-------+-------+-------++-------
Melee: Long sword        |    74 |   120 |   211 |       |       |       ||   405
       Headbutt          |       |     2 |    51 |    99 |   223 |    10 ||   385
       Kick              |       |       |    95 |    10 |       |       ||   105
       Great sword       |       |       |    49 |       |       |       ||    49
       Scimitar          |       |       |    11 |   497 |   593 |       ||  1101
       Double sword      |       |       |       |       |   348 |    55 ||   403
Throw: Throwing net      |       |     2 |       |       |       |       ||     2
 Abil: Evoke Flight      |       |       |     2 |       |       |       ||     2
       Evoke Berserk Rag |       |       |       |     4 |     2 |       ||     6
       Evoke Fog         |       |       |       |     1 |       |       ||     1
       Evoke Invisibilit |       |       |       |       |     2 |       ||     2
Evoke: Wand              |       |       |     5 |     4 |     4 |     2 ||    15
       Lamp of fire      |       |       |       |       |       |     1 ||     1
  Use: Scroll            |       |     3 |    17 |    10 |    16 |     9 ||    55
       Potion            |       |     2 |     2 |     1 |     4 |     5 ||    14
 Stab: Sleeping          |       |       |     1 |     2 |     2 |       ||     5
       Distracted        |       |       |       |     1 |     1 |       ||     2
       Invisible         |       |       |       |       |     5 |       ||     5
  Eat: Chunk             |     3 |     9 |    13 |    19 |    35 |       ||    79
       Ration            |       |       |     3 |     5 |     5 |     1 ||    14
Armor: Leather armour    |    17 |    19 |    21 |       |       |       ||    57
       Ring mail         |       |       |    69 |   104 |       |       ||   173
       Scale mail        |       |       |       |    52 |   299 |    38 ||   389
Dodge: Dodged            |    39 |    97 |   216 |   342 |   626 |    88 ||  1408
Block: Other             |       |     2 |    19 |    39 |    91 |       ||   151
       Buckler           |       |       |       |       |   204 |    89 ||   293
       Reflection        |       |       |       |       |    31 |    13 ||    44
